 Dungeon Crawl Stone Soup version 0.31-a0-705-ga145531891 (webtiles) character file.

Game seed: 12109093945737077104

2725 cbfl8 the Chopper (level 9, -3/61 HPs)
             Began as a Demonspawn Fighter on Sept 9, 2023.
             Was a Follower of Hepliaklqana.
             Slain by an orc warrior
             ... wielding a +0 war axe
              (4 damage)
             ... in a bailey.
             The game lasted 00:07:17 (6210 turns).

cbfl8 the Chopper (Demonspawn Fighter)              Turns: 6210, Time: 00:07:18

Health: -3/61      AC: 11    Str: 23    XL:     9   Next: 40%
Magic:  0/9        EV: 12    Int:  9    God:    Hepliaklqana [*.....]
Gold:   1446       SH: 10    Dex: 17    Spells: 8/8 levels left

rFire   + + .        a - +0 war axe
rCold   + . .        v - +0 kite shield
rNeg    . . .        n - +0 chain mail {rF+}
rPois   +            b - +0 helmet
rElec   +            (cloak unavailable)
rCorr   +            (no gloves)
SInv    .            (no boots)
Will    .....        l - amulet of guardian spirit Stlth
                     i - +6 ring of strength
HPRegen 0.30/turn    w - +5 ring of evasion
MPRegen 0.22/turn

%: guardian spirit
@: about to teleport, resistant, slowed, very slow
A: reduced essence, powered by pain 2, magic regeneration, weakness stinger 3
a: Renounce Religion, Recall Ancestor, Ancestor Identity


You were in a bailey.
You worshipped Hepliaklqana.
Hepliaklqana was aware of your devotion.
You visited 2 branches of the dungeon, and saw 8 of its levels.
You also visited: Bailey.

You collected 1446 gold pieces.

Inventory:

Hand Weapons
 a - a +0 war axe (weapon)
Armour
 b - a +0 helmet (worn)
 n - a +0 chain mail of fire resistance (worn)
 v - a +0 kite shield (worn)
Jewellery
 i - a +6 ring of strength (left hand)
 l - an amulet of guardian spirit (around neck)
 w - a +5 ring of evasion (right hand)
Wands
 s - a wand of quicksilver (6)
 x - a wand of iceblast (10) (quivered)
Scrolls
 e - a scroll of enchant armour
 h - 2 scrolls of noise
 j - 2 scrolls of silence
 k - a scroll of teleportation
 o - 2 scrolls of poison
 p - 3 scrolls of fog
 u - a scroll of enchant weapon
Potions
 c - a potion of resistance
 f - a potion of invisibility
 m - a potion of attraction {unknown}
 q - a potion of lignification {unknown}
 t - a potion of curing


   Skills:
 + Level 5.4 Fighting
 + Level 7.4 Axes
 + Level 5.7 Armour
 + Level 4.8 Shields
 * Level 5.5 Evocations


You had 8 spell levels left.
You didn't know any spells.
Your spell library was empty.

Dungeon Overview and Level Annotations

Branches:
Dungeon (7/15)             Temple (1/1) D:5          Bailey (1/1)

Altars:
Ashenzari
Cheibriados
Dithmenos
Fedhas
Gozag
Hepliaklqana
Makhleb
Okawaru
Qazlal
Ru
Sif Muna
Trog
Vehumet
Wu Jian
Xom
Yredelemnul


Innate Abilities, Weirdness & Mutations

Your life essence is reduced to manifest your ancestor. (-10% HP)
You sometimes gain power by taking damage.
You regenerate magic rapidly.
You have a sharp stinger which inflicts weakening toxins.


Message History

The orc warrior closely misses Valentine.
It was a potion of heal wounds.
You feel much better.
Valentine hits the orc warrior.
The orc warrior hits you with a +0 war axe!
The orc warrior closely misses Valentine.
You block the orc warrior's attack. You block the kobold brigand's attack.
The kobold brigand barely misses Valentine.
You block the orc warrior's attack.
Valentine hits the orc warrior.
As you read the scroll of teleportation, it crumbles to dust.
You feel strangely unstable.
The orc warrior hits you with a +0 war axe.
The orc warrior closely misses you.
The orc warrior hits Valentine with a +0 war axe.
You block the orc warrior's attack. The kobold brigand closely misses you.
The kobold brigand closely misses Valentine.
Valentine hits the orc warrior.
The orc warrior hits you with a +0 war axe.
The orc warrior hits you with a +0 war axe!
The kobold brigand hits you but does no damage.
The kobold brigand hits Valentine with a +0 war axe!
Valentine is destroyed!
The orc warrior hits you but does no damage.
You hit the orc warrior but do no damage.
The orc warrior is severely wounded.
You hit the orc warrior. You hit the kobold brigand. You hit the orc warrior.
You barely miss the orc warrior. You block the orc warrior's attack.
The orc warrior hits you with a +0 war axe!
* * * LOW HITPOINT WARNING * * *
You block the orc warrior's attack.
The orc warrior hits you with a +0 war axe!
* * * LOW HITPOINT WARNING * * *
You focus on the pain.
You feel your power returning. The kobold brigand barely misses you.
The orc warrior hits you with a +0 war axe!
* * * LOW HITPOINT WARNING * * *
The orc warrior hits you but does no damage.
The kobold brigand hits you but does no damage.
The orc warrior misses you.
The orc warrior hits you with a +0 war axe!
You die...

####._.####
###.(!.(.)?.###
##.............#
#...............
#...............
#.....o.......
#..ooo....# #@K.#
###o### ##..(..##
#...8...#
#∩(....∩#
##.....##
####))'####
##~.......~##
####~~.......~~##


You could see 5 orc warriors and a kobold brigand.

Vanquished Creatures
  An orc knight (Bailey)
  Grinder (D:3)
  Eustachio (D:6)
  A water moccasin (D:6)
  A black bear (D:5)
  An ice beast (D:6)
  An orc warrior (Bailey)
  An ogre (D:6)
  A sky beast (D:7)
  2 phantoms
  3 kobold brigands (Bailey)
  2 bullfrogs (D:6)
  Blork the orc (D:6)
  A gnoll sergeant (D:6)
  A scorpion (D:4)
  4 jellies
  An orc priest (D:4)
  A gnoll bouda (D:5)
  4 hounds
  3 orc wizards
  A sleepcap (D:5)
  2 iguanas (D:6)
  5 adders
  8 gnolls
  2 white imps
  2 dart slugs
  12 orcs
  5 ball pythons
  5 endoplasms (D:4)
  2 giant cockroaches
  7 goblins
  4 hobgoblins
  16 kobolds
  6 bats
  3 frilled lizards
  7 rats
119 creatures vanquished.

Vanquished Creatures (collateral kills)
  A kobold brigand (D:6)
  A goblin (D:7)
  2 kobolds
4 creatures vanquished.

Vanquished Creatures (others)
  3 ancestors (Bailey)
3 creatures vanquished.

Grand Total: 126 creatures vanquished

Notes
Turn   | Place    | Note
-------+----------+-------------------------------------------
     0 | D:1      | cbfl8 the Demonspawn Fighter began the quest for the Orb.
     0 | D:1      | Reached XP level 1. HP: 18/18 MP: 1/1
   146 | D:1      | Gained mutation: You sometimes gain a little power by
                  | taking damage. [demonic ancestry]
   146 | D:1      | Reached XP level 2. HP: 24/24 MP: 2/2
   685 | D:1      | Reached skill level 2 in Axes
  1108 | D:2      | Gained mutation: You have a small tail. [demonic ancestry]
  1108 | D:2      | Reached XP level 3. HP: 26/29 MP: 3/3
  1211 | D:2      | Reached skill level 1 in Evocations
  1647 | D:3      | Found a faded altar of an unknown god.
  2136 | D:3      | Noticed Grinder
  2147 | D:3      | Found a radiant altar of Vehumet.
  2157 | D:3      | Killed Grinder
  2158 | D:3      | Reached skill level 3 in Axes
  2158 | D:3      | Gained mutation: You have a tail ending in a sharp stinger.
                  | [demonic ancestry]
  2158 | D:3      | Reached XP level 4. HP: 20/35 MP: 2/4
  2158 | D:3      | Gained mutation: You have a sharp stinger which inflicts
                  | weakening toxins. [demonic ancestry]
  2158 | D:3      | Reached XP level 5. HP: 23/41 MP: 2/5
  2298 | D:3      | Reached XP level 6. HP: 45/47 MP: 6/6
  2430 | D:3      | Found a shimmering altar of Xom.
  2538 | D:4      | Reached skill level 4 in Axes
  3341 | D:5      | Entered Level 5 of the Dungeon
  3530 | D:5      | Gained mutation: You regenerate magic rapidly. [demonic
                  | ancestry]
  3530 | D:5      | Reached XP level 7. HP: 52/53 MP: 7/7
  3580 | D:5      | Reached skill level 5 in Axes
  3986 | D:5      | Found a staircase to the Ecumenical Temple.
  4039 | Temple   | Entered the Ecumenical Temple
  4161 | Temple   | Became a worshipper of Hepliaklqana the Forgotten
  4569 | D:6      | Reached XP level 8. HP: 40/61 MP: 6/8
  4809 | D:6      | Noticed Eustachio
  4864 | D:6      | Killed Eustachio
  4865 | D:6      | Reached skill level 6 in Axes
  4918 | D:6      | Noticed Blork the orc
  4930 | D:6      | Killed Blork the orc
  4931 | D:6      | Reached skill level 5 in Armour
  5276 | D:6      | Found an ornate altar of the Wu Jian Council.
  5324 | D:6      | Reached * piety under Hepliaklqana
  5719 | D:6      | Reached skill level 5 in Fighting
  5818 | D:6      | Found a sacrificial altar of Ru.
  5958 | D:7      | Found a flagged portal.
  5963 | D:7      | Reached skill level 5 in Evocations
  5963 | D:7      | Gained mutation: You sometimes gain power by taking damage.
                  | [demonic ancestry]
  5963 | D:7      | Reached XP level 9. HP: 61/61 MP: 9/9
  5986 | Bailey   | Entered a bailey
  6017 | Bailey   | Reached skill level 7 in Axes
  6063 | Bailey   | Noticed an orc knight
  6074 | Bailey   | Killed an orc knight
  6084 | Bailey   | Identified a scroll of acquirement
  6087 | Bailey   | Acquired 1015 gold pieces
  6205 | Bailey   | Found a burning altar of Makhleb.
  6210 | Bailey   | HP: 3/61 [orc warrior/+0 war axe (13)]
  6210 | Bailey   | HP: 1/61 [orc warrior/+0 war axe (2)]
  6210 | Bailey   | Slain by an orc warrior

Illustrated notes

Levels and vault maps discovered:
D:1:      matt_arrival_spirals, layout_basic
D:2:      layout_basic, minmay_misc_feat_diagonals
D:3:      layout_loops_corners, vehumet_crystals, tgw_xom,
          chequers_ecumenical_altar_simple_redux, kennysheep_generic_room_10,
          uniq_grinder
D:4:      layout_loops_ring
D:5:      layout_rooms, minmay_temple_entry_overgrown, serial_bayou_pond_c
D:6:      layout_basic, mainiacjoe_overflow_paths, nicolae_ru_path_of_blood,
          corexii_item_surrounded_by_moat, uniq_blork_the_orc, uniq_eustachio
D:7:      layout_basic, mainiacjoe_overflow_chevrons, enter_bailey_5,
          nicolae_ossuary_entry_monument, uniq_maggie, uniq_pikel
Temple:   regret_index_temple_waves
Bailey:   bailey_axe_3, bailey

Skill      XL: |  1  2  3  4  5  6  7  8  9 |
---------------+----------------------------+-----
Axes           | 2 3 4 5 6 7 |  7.4
Armour         | 3 4 5 |  5.7
Evocations     | 2 3 5 |  5.5
Shields        | 3 4 |  4.8
Fighting       | 4 5 |  5.4

Action                     |  1- 3 |  4- 6 |  7- 9 || total
---------------------------+-------+-------+-------++-------
  Melee: War axe           |   116 |    70 |   238 ||   424
         Tailslap          |     8 |     6 |    34 ||    48
 Invoke: Ancestor Identity |       |       |     1 ||     1
  Evoke: Wand              |       |       |    10 ||    10
    Use: Potion            |     1 |     2 |     5 ||     8
         Scroll            |       |     4 |     6 ||    10
   Stab: Distracted        |       |       |     1 ||     1
 Armour: Scale mail        |    41 |       |       ||    41
         Chain mail        |    41 |    54 |   256 ||   351
  Dodge: Dodged            |    42 |    28 |   111 ||   181
  Block: Buckler           |    21 |    12 |    38 ||    71
         Kite shield       |       |       |    81 ||    81

Table legend: (Time is in decaauts)
 A = Elapsed time spent in this place.
 B = Non-inter-level travel time spent in this place.
 C = Inter-level travel time spent in this place.
 D = Time resting spent in this place.
 E = Time spent auto-exploring this place.
 F = Levels seen in this place.
 G = Mean time per level.
                   A        B        C        D        E       F      G
               +--------+--------+--------+--------+--------+-----+--------+
         Total |   6362 |   6009 |    353 |    714 |   4132 |   9 |  706.9 |
       Dungeon |   5936 |   5714 |    222 |    606 |   4070 |   7 |  848.0 |
        Temple |    191 |     60 |    131 |      0 |     58 |   1 |  191.0 |
        Bailey |    234 |    234 |      0 |    108 |      4 |   1 |  234.0 |
               +--------+--------+--------+--------+--------+-----+--------+

Top non-repeatable levels by time:
     D:6: 1636 daAuts
     D:3: 911 daAuts
     D:1: 889 daAuts
     D:4: 884 daAuts
     D:5: 851 daAuts
     D:2: 724 daAuts
  Bailey: 234 daAuts
  Temple: 191 daAuts
     D:7: 39 daAuts
